 Dungeon Crawl Stone Soup version 0.29.1-13-g9f3cf754e1 (webtiles) character file.

Game seed: 776708548945487742

5 croobank the Sneak (level 1, 0/16 HPs)
             Began as an Octopode Delver on Feb 11, 2023.
             Slain by a centaur zombie (2 damage)
             ... in an ossuary.
             The game lasted 00:02:13 (245 turns).

croobank the Sneak (Octopode Delver)                 Turns: 245, Time: 00:02:14

Health: 0/16       AC:  1    Str: 11    XL:     1   Next: 80%
Magic:  1/1        EV: 13    Int: 12    God:
Gold:   64         SH:  0    Dex: 13    Spells: 0/0 levels left

rFire   . . .      SeeInvis .   a - +0 hand axe
rCold   . . .      Faith    .   (no shield)
rNeg    . . .      Spirit   .   (helmet restricted)
rPois   .          Reflect  .   (no amulet)
rElec   .          Harm     .   (no ring)
rCorr   .          Rampage  .   (no ring)
Will    .....                   (no ring)
Stlth   ++++......              (no ring)
HPRegen 0.05/turn               (no ring)
MPRegen 0.07/turn               (no ring)
                                (no ring)
                                (no ring)

@: no status effects
A: almost no armour, amphibious, 8 rings, camouflage 1, gelatinous body 1,
(nimble swimmer 1), tentacles
a: no special abilities


You were in an ossuary.
You visited 1 branch of the dungeon, and saw 2 of its levels.
You also visited: Ossuary.

You collected 64 gold pieces.

Inventory:

Hand Weapons
 a - a +0 hand axe (weapon)
Wands
 f - a wand of digging (3)
Scrolls
 b - a scroll of fog
 d - 2 scrolls of fear
 g - 4 scrolls of noise
 h - a scroll of amnesia {unknown}
 i - a scroll of identify {unknown}
 j - a scroll of enchant weapon {unknown}
 k - a scroll of poison {unknown}
 l - a scroll of blinking {unknown}
 n - a scroll of immolation
Potions
 c - a potion of attraction {unknown}
 e - a potion of haste
 m - a potion of flight {unknown}


   Skills:
 + Level 3.1 Fighting
 + Level 2.1 Axes
 + Level 2.1 Dodging
 + Level 6.7 Stealth


You couldn't memorise any spells.
You didn't know any spells.
Your spell library was empty.

Dungeon Overview and Level Annotations

Branches:
Dungeon (6/15)            Ossuary (1/1)
 Temple: D:4-7

Altars:


Innate Abilities, Weirdness & Mutations

You cannot wear most types of armour.
You are amphibious.
You can wear up to eight rings at the same time.
Your skin changes colour to match your surroundings (Stealth+).
Your rubbery body absorbs attacks. (AC +1, EV +1)
((You are camouflaged when in or above water. (Stealth+)))
You have tentacles for arms and can constrict up to eight enemies at once.


Message History

You open the door.
There is an open door here.
Found a bubbling cyan potion and a scroll of immolation.
Found four items.
Found a murky golden potion.
You open the door.
A hobgoblin zombie comes into view.
There is an open door here.
The helpless hobgoblin zombie fails to defend itself.
You slash the hobgoblin zombie!
You destroy the hobgoblin zombie!
There is an open door here.
You open the door.
A centaur zombie comes into view.
There is an open door here.
The helpless centaur zombie fails to defend itself.
You hit the centaur zombie.
The centaur zombie is lightly damaged.
The centaur zombie closely misses you. x2
You hit the centaur zombie.
The centaur zombie is lightly damaged.
The centaur zombie closely misses you.
The centaur zombie kicks you but does no damage.
The centaur zombie barely misses you.
The centaur zombie kicks you but does no damage.
You hit the centaur zombie.
The centaur zombie is moderately damaged.
The centaur zombie barely misses you. The centaur zombie kicks you.
You hit the centaur zombie.
The centaur zombie is moderately damaged.
The centaur zombie hits you. The centaur zombie kicks you.
The centaur zombie barely misses you. The centaur zombie kicks you.
You hit the centaur zombie.
The centaur zombie is heavily damaged.
The centaur zombie hits you.
* * * LOW HITPOINT WARNING * * *
The centaur zombie kicks you.
* * * LOW HITPOINT WARNING * * *
The centaur zombie hits you.
You die...

##M ##### .! ##
!?.# ?M #! !!! #^#
#. #^# #.# ## ###.#
###'### # #.'.##
##.....## ##
###..###.......###.
#Z@...#.........#..
###...'....⌠....'..
+...#.........#..
#..###..^....###.
+.## ##.....## ##
#.# ###'### # #.#
#.# ## ?!. ##.## #.
#.∩.# #.


You could see a centaur zombie.

Vanquished Creatures
  An orc (D:5)
  A goblin zombie (Ossuary)
  3 hobgoblin zombies (Ossuary)
  An orc zombie (Ossuary)
6 creatures vanquished.

Notes
Turn   | Place    | Note
-------+----------+-------------------------------------------
     0 | D:5      | croobank the Octopode Delver began the quest for the Orb.
     0 | D:5      | Reached XP level 1. HP: 16/16 MP: 1/1
    28 | D:5      | Noticed a jelly
    78 | D:6      | Noticed a bullfrog
   126 | D:5      | Found a sand-covered staircase.
   131 | Ossuary  | Entered an ossuary
   245 | Ossuary  | Slain by a centaur zombie

Illustrated notes

Levels and vault maps discovered:
D:5:      layout_cave_pools, nicolae_ossuary_entry_false_entrances
D:6:      layout_basic
Ossuary:  ossuary_crypta

Action                   || total
-------------------------++-------
Melee: Hand axe          ||    16
       Constrict         ||     4
       Tentacles         ||     3
  Use: Scroll            ||     1
 Stab: Sleeping          ||     5
Armor: Skin              ||     2
Dodge: Dodged            ||    10
